 Dungeon Crawl Stone Soup version 0.30-a0-141-g30f27751c5 (webtiles) character file.

Game seed: 9209950824079326975

62 qw the Chopper (level 4, -2/28 HPs)
             Began as a Gargoyle Fighter on Sept 25, 2022.
             Splashed by a jelly's acid (4 damage)
             ... on level 2 of the Dungeon.
             The game lasted 00:00:24 (1116 turns).

qw the Chopper (Gargoyle Fighter)                   Turns: 1116, Time: 00:00:24

Health: -2/28      AC:  2    Str: 22    XL:     4   Next: 8%
Magic:  4/4        EV:  9    Int:  8    God:
Gold:   57         SH:  4    Dex:  9    Spells: 3/3 levels left

rFire   . . .      SeeInvis .    Y - +1 war axe
rCold   . . .      Faith    .    c - +0 buckler
rNeg    + . .      Spirit   .    b - +0 scale mail
rPois   inf        Reflect  .    (no helmet)
rElec   +          Harm     .    (no cloak)
rCorr   .          Rampage  .    (no gloves)
Will    .....                    (no boots)
Stlth   ..........               (no amulet)
HPRegen 0.09/turn                (no ring)
MPRegen 0.09/turn                (no ring)

@: corroded
A: sickness immunity, AC +3, negative energy resistance 1, electricity
resistance, torment resistance 1, petrification resistance
a: no special abilities


You were on level 2 of the Dungeon.
You visited 1 branch of the dungeon, and saw 2 of its levels.

You collected 57 gold pieces.


Innate Abilities, Weirdness & Mutations

You are immune to sickness and miasma.
Your stone body is resilient. (AC +3)
You are immune to poison.
You resist negative energy. (rN+)
You are resistant to electric shocks. (rElec)
You are resistant to unholy torment.
You are immune to petrification.


   Skills:
 - Level 3.2 Fighting
 + Level 3.8 Axes
 - Level 3.2 Armour
 - Level 3.2 Shields


You had 3 spell levels left.
You didn't know any spells.
Your spell library was empty.

Inventory:

Hand Weapons
 i - a +0 whip
 Y - a +1 war axe (weapon)
Armour
 b - a +0 scale mail (worn)
 c - a +0 buckler (worn)
Potions
 d - a potion of might
 f - a potion of heal wounds {unknown}

Dungeon Overview and Level Annotations

Branches:
Dungeon (2/15)

Altars:


Message History

2 jellies and 2 endoplasms come into view.
The endoplasm quivers.
The jelly quivers.
The endoplasm moves out of view.
You hit the jelly.
Your hands burn!
The jelly is heavily wounded.
The jelly hits you but does no damage.
The endoplasm jiggles.
You hit the jelly.
Your hands burn!
The jelly is heavily wounded.
The jelly barely misses you.
You hit the jelly. The acid corrodes you!
Your hands burn!
The jelly is severely wounded.
An endoplasm comes into view.
The jelly closely misses you. The jelly hits you but does no damage.
The endoplasm moves out of view.
You hit the jelly.
Your hands burn!
The jelly is severely wounded.
You block the jelly's attack.
You slash the jelly!
You kill the jelly!
You have reached level 4!
You feel stronger.
You hit the endoplasm.
The endoplasm is severely wounded.
You slash the jelly!
Your hands burn!
The jelly is almost dead.
The jelly hits you.
You are splashed with acid.
You hit the jelly but do no damage. The acid corrodes you!
Your hands burn!
The jelly is almost dead.
You block the jelly's attack.
You hit the jelly but do no damage.
Your hands burn!
The jelly is severely wounded.
An endoplasm comes into view.
The jelly barely misses you. The jelly hits you but does no damage.
1114 ||| Stepping ~*~*~tactically~*~*~ (stealth).
The jelly attacks as you move away! The jelly hits you but does no damage.
You hit the jelly.
Your hands burn!
The jelly is almost dead.
The jelly hits you but does no damage.
You hit the jelly but do no damage.
Your hands burn!
You die...

#.. #..
#.. #..
#.. #J.
#J#######
#J@...)##
########.#
#....'..##
#....####
#.......#
#.......#
#.......#
#.......#
##.....##


You could see a jelly and 2 endoplasms.

Vanquished Creatures
  A jelly (D:2)
  A dart slug (D:1)
  A bat (D:1)
  2 endoplasms (D:1)
  A giant cockroach (D:1)
  8 jackals (D:1)
  10 kobolds
  A quokka (D:1)
  2 goblins (D:1)
  2 rats (D:1)
29 creatures vanquished.

Vanquished Creatures (others)
  8 fungi (D:2)
  3 toadstools (D:2)
11 creatures vanquished.

Grand Total: 40 creatures vanquished

Notes
Turn   | Place    | Note
-------+----------+-------------------------------------------
     0 | D:1      | qw the Gargoyle Fighter began the quest for the Orb.
     0 | D:1      | Reached XP level 1. HP: 14/14 MP: 1/1
     0 | D:1      | 0 ||| qw: Version: 0.2-a-10-g399e6c4
     0 | D:1      | 0 ||| qw: Game counter: 363
     0 | D:1      | 0 ||| qw: Always use a shield: true
     0 | D:1      | 0 ||| qw: God list: Okawaru
     0 | D:1      | 0 ||| qw: Allow faded altars: false
     0 | D:1      | 0 ||| qw: Do Orc after D:15 true
     0 | D:1      | 0 ||| qw: Do second Lair branch before Depths: true
     0 | D:1      | 0 ||| qw: Lair rune preference: random
     0 | D:1      | 0 ||| qw: Plans: Normal, Zot:1-4, God:TSO, Crypt, Tomb,
                  | Pan, Slime:5, Hells, Abyss, Orb
     0 | D:1      | 0 ||| PLANNING D:1-11
    88 | D:1      | 88 ||| Stepping ~*~*~tactically~*~*~ (stealth).
    93 | D:1      | 93 ||| Stepping ~*~*~tactically~*~*~ (stealth).
    94 | D:1      | 94 ||| Stepping ~*~*~tactically~*~*~ (stealth).
   232 | D:1      | Found a faded altar of an unknown god.
   239 | D:1      | Reached XP level 2. HP: 19/19 MP: 2/2
   337 | D:1      | 337 ||| DROPPING +0 club.
   497 | D:1      | 497 ||| Stepping ~*~*~tactically~*~*~ (stealth).
   499 | D:1      | 499 ||| Stepping ~*~*~tactically~*~*~ (stealth).
   602 | D:1      | Reached skill level 3 in Axes
   605 | D:1      | Reached XP level 3. HP: 23/23 MP: 3/3
   611 | D:1      | 611 ||| Stepping ~*~*~tactically~*~*~ (stealth).
   616 | D:1      | 616 ||| Stepping ~*~*~tactically~*~*~ (stealth).
  1000 | D:1      | 1000 ||| READING scroll labelled YMPUYP VAWK.
  1007 | D:1      | 1007 ||| READING scroll labelled NERYUS ITAMEI.
  1008 | D:1      | 1008 ||| READING scroll labelled QYTHRA JYNYCK.
  1009 | D:1      | 1009 ||| READING scroll labelled XOSOL TUETIPH.
  1010 | D:1      | 1010 ||| READING scroll labelled ESOISI YRIRHIA.
  1110 | D:2      | Reached XP level 4. HP: 15/28 MP: 4/4
  1112 | D:2      | HP: 7/28 [acid (1)]
  1114 | D:2      | 1114 ||| Stepping ~*~*~tactically~*~*~ (stealth).
  1115 | D:2      | HP: 2/28 [acid (4)]
  1116 | D:2      | Splashed by a jelly's acid

Levels and vault maps discovered:
D:1:      dpeg_arrival_lava_altar, layout_basic,
          hellmonk_ecumenical_altar_arch_garden
D:2:      cheibrodos_fertilizer, layout_basic, basic_altar

Skill      XL: |  1  2 |
---------------+-------+-----
Axes           | 2 3 |  3.8
Fighting       | |  3.2
Armour         | |  3.2
Shields        | |  3.2

Action                   |  1- 3 |  4- 6 || total
-------------------------+-------+-------++-------
Melee: War axe           |    84 |     6 ||    90
  Use: Scroll            |     5 |       ||     5
Armor: Scale mail        |    42 |     3 ||    45
Dodge: Dodged            |    53 |     1 ||    54
Block: Buckler           |    17 |     1 ||    18

Table legend:
 A = Non-vault XP
 B = Vault XP
 C = Vault XP percentage of total XP
 D = Non-vault monster count
 E = Vault monster count
 F = Vault count percentage of total count
                 A         B        C        D         E       F
            +---------+---------+-------+---------+---------+-------
      Total |      39 |      50 |  56.2 |      21 |       8 |  27.6
            +---------+---------+-------+---------+---------+-------
        D:1 |      39 |       0 |   0.0 |      21 |       0 |   0.0
        D:2 |       0 |      50 | 100.0 |       0 |       8 | 100.0
            +---------+---------+-------+---------+---------+-------
